Map: Symulakrum ER

Players

kers - Winner!

  • Race: Protoss Protoss
  • League: Platinum
  • Spawn Location: 5:00

Garuda

  • Race: Zerg Zerg
  • League: Silver
  • Spawn Location: 11:00

VOD

Have the link to the VOD?

Description

Time

  • Played on: March 3, 2020, 1:44 p.m.
  • Length: 12:52
Show
View Real Time Build Order
Export as new Build Order

kers Protoss - Winner!

Build Orders: Archon Immortal 

Get SALT Encoding   

  12  0:00  Probe  
  13  0:13  Probe  
  14  0:19  Pylon  
  14  0:25  Probe  
  15  0:37  Probe (Chrono Boost)  
  16  0:43  Gateway  
  16  0:49  Probe (Chrono Boost)  
  17  0:51  Assimilator  
  18  0:57  Probe (Chrono Boost)  
  18  1:04  Probe  
  19  1:16  Probe  
  20  1:28  Probe  
  21  1:37  Cybernetics Core  
  21  1:40  Probe  
  22  1:48  Nexus  
  22  1:57  Probe, Pylon  
  23  2:11  Warp Gate (Chrono Boost)  
  23  2:14  Robotics Facility  
  23  2:15  Probe  
  24  2:20  Adept  
  24  2:22  Assimilator  
  24  2:27  Probe  
  27  2:39  Probe  
  28  2:50  Stalker  
  28  2:51  Probe  
  31  3:03  Probe  
  31  3:04  Probe  
  33  3:10  Observer (Chrono Boost)  
  34  3:16  Probe x2  
  36  3:28  Probe x2, Gateway  
  36  3:29  Gateway  
  38  3:37  Pylon  
  38  3:40  Probe, Observer  
  38  3:41  Probe  
  41  3:48  Pylon  
  41  3:51  Shield Battery  
  41  3:52  Probe, Sentry  
  41  3:53  Probe  
  45  4:04  Probe, Immortal (Chrono Boost)  
  45  4:05  Probe  
  51  4:12  Assimilator  
  51  4:14  Assimilator  
  51  4:16  Probe  
  52  4:17  Probe  
  53  4:28  Probe  
  53  4:29  Probe  
  53  4:30  Pylon  
  55  4:33  Pylon  
  55  4:36  Stalker  
  55  4:37  Stalker x2  
  61  4:40  Probe  
  62  4:48  Probe  
  62  4:49  Pylon  
  64  4:52  Probe  
  64  4:55  Immortal  
  64  4:57  Pylon  
  68  5:00  Probe  
  68  5:02  Forge  
  68  5:04  Probe  
  70  5:07  Twilight Council  
  70  5:12  Probe  
  71  5:15  Sentry  
  71  5:17  Probe  
  74  5:24  Probe  
  75  5:29  Probe, Zealot x2  
  75  5:35  Immortal  
  84  5:36  Probe  
  84  5:41  Probe  
  86  5:55  Templar Archives  
  86  5:57  Probe  
  86  5:58  Probe  
  86  6:00  Charge (Chrono Boost)  
  88  6:09  Probe  
  88  6:10  Probe, Zealot  
  88  6:11  Zealot  
  94  6:24  Pylon  
  94  6:26  Pylon  
  94  6:28  Pylon  
  94  6:29  Pylon  
  94  6:38  Nexus  
  94  6:40  Pylon  
  94  6:42  Probe x2  
  94  6:43  Immortal  
  100  6:47  High Templar x2  
  100  6:51  Archon  
  104  6:55  Probe x2  
  104  6:56  Protoss Ground Weapons Level 1 (Chrono Boost)  
  104  7:00  Gateway x2  
  106  7:01  Gateway  
  106  7:04  Gateway  
  106  7:05  Photon Cannon  
  106  7:07  Probe x2, Gateway, Shield Battery  
  108  7:11  Photon Cannon  
  108  7:19  Probe x2  
  110  7:31  Probe x2  
  112  7:40  High Templar x2  
  116  7:44  Archon  
  116  7:49  Probe x2  
  116  7:50  Probe  
  118  7:55  Adept  
  120  8:00  High Templar  
  120  8:01  Probe x2  
  120  8:02  Probe  
  120  8:03  High Templar  
  127  8:06  High Templar x2  
  127  8:08  Zealot  
  133  8:13  Probe x2  
  133  8:15  Pylon  
  133  8:16  Pylon  
  133  8:19  Pylon  
  135  8:20  Assimilator  
  135  8:24  Assimilator  
  135  8:37  Zealot x5  
  135  8:38  Zealot  
  147  8:47  Sentry  
  149  8:52  Protoss Ground Armor Level 1 (Chrono Boost)  
  149  8:53  Warp Prism  
  151  9:08  High Templar x2  
  155  9:16  Photon Cannon  
  155  9:17  Photon Cannon  
  155  9:19  Photon Cannon  
  155  9:25  Photon Cannon x2  
  155  9:28  Photon Cannon  
  155  9:30  High Templar x2, Photon Cannon  
  159  9:32  Archon  
  159  9:33  Archon x2  
  159  9:35  Archon  
  159  9:36  Zealot x4  
  167  9:51  Pylon  
  167  9:53  Pylon  
  167  10:00  Zealot x3  
  173  10:11  Pylon  
  173  10:12  Pylon  
  173  10:13  Pylon  
  173  10:15  Pylon  
  173  10:18  Photon Cannon  
  173  10:19  Photon Cannon  
  173  10:20  Photon Cannon  
  173  10:23  Photon Cannon  
  173  10:27  Zealot x2  
  173  10:28  Photon Cannon, Zealot x4  
  181  10:29  Zealot x2  
  189  10:38  Gateway x2  
  189  10:39  Gateway  
  189  10:40  Gateway  
  179  10:53  Immortal  
  177  11:18  Zealot x5  
  183  11:19  Zealot x3  
  191  11:34  Zealot x3  
  191  11:35  Zealot  
  193  11:51  Nexus  
  193  11:53  Pylon  
  183  11:56  Pylon  
  183  11:57  Zealot x4  
  183  11:58  Assimilator, Zealot x4  
  195  12:03  Assimilator  
  193  12:42  Zealot x3  
Show
View Real Time Build Order
Export as new Build Order

Garuda Zerg 

Build Orders: Pool First 

Get SALT Encoding   

  12  0:03  Drone  
  13  0:11  Drone  
  14  0:22  Overlord  
  14  0:35  Spawning Pool  
  14  0:41  Drone  
  14  0:42  Drone  
  15  0:57  Drone x2  
  17  1:20  Hatchery  
  17  1:22  Queen  
  18  1:35  Zergling x2  
  18  1:36  Zergling x2, Drone  
  21  1:40  Extractor  
  20  1:48  Drone  
  20  1:51  Extractor  
  20  2:04  Drone  
  21  2:21  Overlord x2  
  21  2:37  Zergling x4  
  21  2:38  Zergling x4  
  25  2:47  Drone x2  
  27  2:52  Metabolic Boost  
  27  3:08  Zergling x6  
  27  3:09  Zergling x4  
  32  3:15  Drone  
  32  3:18  Drone x3  
  36  3:34  Drone  
  36  3:35  Drone  
  38  3:44  Roach Warren  
  38  3:45  Drone x2  
  37  4:27  Drone x3  
  40  4:34  Drone  
  40  4:35  Drone x2  
  43  4:44  Overlord  
  43  4:47  Overlord x2  
  43  5:00  Lair  
  43  5:01  Queen  
  43  5:05  Drone x2  
  47  5:20  Roach x3  
  47  5:21  Roach  
  55  5:52  Ravager  
  55  5:53  Ravager x3  
  59  5:58  Drone x5  
  59  5:59  Drone  
  65  6:14  Spire  
  65  6:16  Drone x3  
  67  6:20  Extractor  
  67  6:21  Extractor  
  65  6:45  Zergling x4  
  65  6:46  Zergling x2  
  68  6:48  Overlord  
  68  6:49  Overlord  
  68  6:52  Overlord x3  
  60  7:59  Mutalisk x4  
  60  8:03  Mutalisk x3  
  74  8:09  Glial Reconstitution  
  74  8:35  Zergling x4  
  74  8:36  Zergling x2  
  74  8:39  Zergling x2  
  74  8:40  Zergling x8  
  82  9:00  Hatchery  
  81  9:30  Mutalisk  
  81  9:31  Mutalisk x2  
  83  9:34  Mutalisk x5  
  83  9:35  Mutalisk  
  99  9:42  Hydralisk Den  
  98  10:22  Hydralisk x2  
  98  10:23  Infestation Pit, Hydralisk x4  
  98  10:26  Hydralisk x2  
  113  10:28  Overlord x2  
  113  10:29  Overlord x2  
  95  10:59  Hydralisk x2  
  95  11:02  Hydralisk  
  95  11:03  Hydralisk x2  
  105  11:12  Overseer  
  105  11:14  Overseer  
  105  11:29  Hydralisk x3  
  105  11:32  Hydralisk x2  
Tags
 
Add a new tag
Caveats
  • Supply blocks, unpowered buildings, or Contaminate may cause inaccurate times.
  • Supply counts are checked every 10 seconds.